 Dungeon Crawl Stone Soup version 0.21-a0-582-g1b93aee (webtiles) character file.

26499 Amnesiac the Slinger (level 13, -4/90 HPs)
             Began as a Halfling Fighter on Dec 19, 2017.
             Was a High Priest of Okawaru.
             Slain by a manticore (10 damage)
             ... on level 14 of the Dungeon.
             The game lasted 00:44:31 (20832 turns).

Amnesiac the Slinger (Halfling Fighter)            Turns: 20832, Time: 00:44:32

Health: -4/90      AC: 24    Str: 25    XL:     13   Next: 58%
Magic:  18/19      EV: 25    Int: 10    God:    Okawaru [*****.]
Gold:   810        SH:  0    Dex: 18    Spells: 8/12 levels left

rFire    + . .     SeeInvis .   w - +5 shortbow of Defiance {venom, MR+ Int+4}
rCold    + + +     Gourm    .   (shield currently unavailable)
rNeg     . . .     Faith    .   Y - +7 Kryia's mail coat {PotionHeal*2 rC+}
rPois    .         Spirit   .   y - +1 helmet
rElec    .         Reflect  .   t - scarf {rC+ rF+}
rCorr    .         Harm     +   N - +1 pair of gloves {Dex+3}
MR       +....                  G - +0 pair of boots
Stlth    ++........             C - amulet of harm
HPRegen  0.25/turn              z - +4 ring of strength
MPRegen  0.16/turn              s - ring of protection from cold

@: heroism, barbed spikes
A: small, mutation resistance 1
a: Heroism, Finesse, Renounce Religion


You were on level 14 of the Dungeon.
You worshipped Okawaru.
Okawaru was extremely pleased with you.
You were not hungry.

You visited 2 branches of the dungeon, and saw 15 of its levels.

You collected 810 gold pieces.

Inventory:

Hand Weapons
 a - a +0 hunting sling
 b - a +0 blowgun
 q - a +0 scimitar of flaming
 w - the +5 shortbow of Defiance (weapon) {venom, MR+ Int+4}
   (You found it on level 13 of the Dungeon)

   It poisons the ammo it fires.
   It affects your intelligence (+4).
   It affects your resistance to hostile enchantments.
Missiles
 h - 122 sling bullets
 l - 223 stones
 B - 7 tomahawks
 J - 361 arrows (quivered)
 R - 15 poisoned needles
 S - 2 exploding tomahawks
Armour
 t - a scarf of resistance (worn)
 y - a +1 helmet (worn)
 E - a scarf of spirit shield
 G - a +0 pair of boots (worn)
 N - a +1 pair of gloves of dexterity (worn)
 U - a +2 shield of positive energy
 Y - the +7 Kryia's mail coat (worn) {PotionHeal*2 rC+}
   (You found it on level 13 of the Dungeon)

   It protects you from cold.
Jewellery
 s - a ring of protection from cold (right hand)
 z - a +4 ring of strength (left hand)
 C - an amulet of harm (around neck)
 F - an uncursed ring of wizardry {unknown}
 O - an uncursed ring of ice
Wands
 c - a wand of disintegration (14)
 r - a wand of digging (11)
 H - a wand of random effects (49)
 K - a wand of polymorph (4)
 X - a wand of iceblast (8)
Scrolls
 j - 5 scrolls of magic mapping {!r}
 n - 3 scrolls of blinking {!r}
 p - 2 scrolls of identify {!r}
 v - a scroll of amnesia {!r}
 A - 4 scrolls of remove curse {!r}
 D - 5 scrolls of teleportation {!r}
 I - 2 scrolls of vulnerability {!r}
 M - a scroll of fear {!r}
 P - a scroll of enchant weapon {!r}
 T - 2 scrolls of enchant armour {!r}
 W - a scroll of silence {!r}
Potions
 d - 4 potions of might {!q}
 e - 9 potions of curing {!q}
 g - a potion of agility {!q}
 i - 2 potions of mutation {!q}
 k - 2 potions of brilliance {!q}
 m - 3 potions of heal wounds {!q}
 o - a potion of magic {!q}
 u - 2 potions of flight {!q}
 x - 5 potions of berserk rage {!q}
 L - a potion of invisibility {!q}
 Q - a potion of cancellation {!q}
 Z - a potion of resistance {!q}
Comestibles
 f - 20 rations


   Skills:
 + Level 9.2(14.2) Fighting
   Level 3.0(8.0) Short Blades
 - Level 12.0(17.0) Slings
 + Level 10.7(15.7) Armour
 + Level 10.8(15.8) Dodging
 + Level 10.8(15.8) Shields
 - Level 8.0 Invocations


You had 8 spell levels left.
You knew the following spells:

 Your Spells              Type           Power        Failure   Level  Hunger
a - Apportation           Tloc           #.....       56%         1    ##.....
b - Passwall              Tmut/Erth      #.........   71%         2    ###....
z - Confusing Touch       Hex            #.....       56%         1    ##.....


Dungeon Overview and Level Annotations

Branches:
Dungeon (14/15)            Temple (1/1) D:7            Lair (0/6) D:10
    Orc (0/2) D:10         Vaults (0/5) D:13

Altars:
Ashenzari
Cheibriados
Dithmenos
Elyvilon
Fedhas
Gozag
Hepliaklqana
Kikubaaqudgha
Makhleb
Nemelex Xobeh
Okawaru
Qazlal
Ru
Sif Muna
Trog
Uskayaw
Vehumet
Wu Jian
Xom
Yredelemnul
Zin
The Shining One

Shops:
D:8 !   D:13 (


Innate Abilities, Weirdness & Mutations

You are small and have problems with some larger weapons.
You are somewhat resistant to further mutation.


Message History

You burn the one-headed hydra.
The one-headed hydra is almost dead.
The one-headed hydra bites you but does no damage.
You lop the one-headed hydra's last head off!
You kill the one-headed hydra!
Okawaru accepts your kill. Something appears at your feet!
Okawaru grants you ammunition! The manticore bites you.
* * * LOW HITPOINT WARNING * * *
The manticore completely misses you. The manticore misses you.
Press: ? - help, v - describe, . - travel, g - get item 15 sling bullets.
The floor, spattered with blood.
Unknown command.
Wield which item (- for none, * to show all)? (? for menu, Esc to quit)
Your +0 scimitar of flaming stops flaming.
The +5 shortbow of Defiance {venom, MR+ Int+4} begins to drip with poison!
w - the +5 shortbow of Defiance (weapon)
{venom, MR+ Int+4} Firing (i - inventory. (,) - cycle):
J - 366 arrows (quivered)
Press: ? - help, Shift-Dir - straight line, f/p - manticore
Aim: a manticore (heavily wounded)
You shoot an arrow. The arrow hits the manticore!
The manticore looks as sick as possible!
The manticore is severely wounded.
The manticore bites you.
* * * LOW HITPOINT WARNING * * *
The manticore misses you. The manticore completely misses you.
The manticore flicks its tail.
The volley of spikes misses you.
Firing (i - inventory. (,) - cycle):
J - 365 arrows (quivered)
Press: ? - help, Shift-Dir - straight line, f/p - manticore
Aim: a manticore (severely wounded, poisoned)
You shoot an arrow. The arrow hits the manticore.
The manticore looks as sick as possible!
The manticore is almost dead.
The manticore flicks its tail.
The volley of spikes hits you!
The barbed spikes become lodged in your body.
* * * LOW HITPOINT WARNING * * *
Unknown command.
Firing (i - inventory. (,) - cycle):
J - 364 arrows (quivered)
Press: ? - help, Shift-Dir - straight line, f/p - manticore
Aim: a manticore (almost dead, poisoned)
You shoot an arrow.
The arrow hits the manticore but does no damage.
The manticore looks as sick as possible!
The manticore is almost dead.
The manticore flicks its tail.
The volley of spikes hits you!
Unknown command.
Firing (i - inventory. (,) - cycle):
J - 363 arrows (quivered)
Press: ? - help, Shift-Dir - straight line, f/p - manticore
Aim: a manticore (almost dead, poisoned)
You shoot an arrow. The arrow barely misses the manticore.
Unknown command.
Firing (i - inventory. (,) - cycle):
J - 362 arrows (quivered)
Press: ? - help, Shift-Dir - straight line, f/p - manticore
Aim: a manticore (almost dead, poisoned)
You shoot an arrow.
The arrow hits the manticore but does no damage.
The manticore is almost dead.
The manticore bites you!
You die...

####.####
#+#######.....#.#
......#...#.#>#..
.....(+.#.#.#...#
......###.#.#.###
....= #.#.#...#
###(# #.#.###.#
##.H.# #.#.....#
#.@### ####.####
#.## #.# ##.#####
#.#
#......########.####
#..............)....
#......########.####
#......# #.#
#......# #.#
#......# #.#


You could see a manticore.

Vanquished Creatures
  A great orb of eyes (shapeshifter) (D:13)
  A vault guard (D:13)
  4 hydras
  The ghost of Amnesiac the Slinger, a journeyman HaFi of Okawaru (D:10)
  2 two-headed ogres
  2 centaur warriors
  Erica (D:9)
  An unseen horror (D:10)
  3 ugly things
  A cyclops (D:13)
  A manticore (D:12)
  2 centaur zombies
  A moth of wrath (shapeshifter) (D:13)
  A gargoyle (D:14)
  A centaur skeleton (D:11)
  3 kobold demonologists (D:14)
  A komodo dragon (D:14)
  A jumping spider (shapeshifter) (D:13)
  3 meliai (D:14)
  A wandering mushroom (D:10)
  4 trolls
  5 slime creatures (D:12)
  2 hippogriffs
  A shadow (D:12)
  A wyvern (D:13)
  2 vampires
  A wraith (D:13)
  A fire elemental (D:13)
  4 hogs (D:8)
  5 yaks (D:14)
  A human (D:8)
  Menkaure (D:6)
  Grum (D:9)
  2 hungry ghosts
  10 orc warriors
  2 sky beasts
  2 hornet zombies (D:13)
  An ice beast (D:7)
  2 eyes of draining
  A black bear (D:13)
  6 ogres
  A necrophage (D:8)
  2 wolves (D:9)
  16 centaurs
  5 big kobolds
  2 bullfrogs
  A wyvern skeleton (D:12)
  6 scorpions
  17 killer bees
  4 wights (D:13)
  A howler monkey (D:5)
  4 electric eels (D:10)
  7 crimson imps
  A quasit (D:8)
  3 bullfrog zombies
  3 hounds
  9 orc priests
  16 orc wizards
  2 jellies
  A bullfrog skeleton (D:13)
  4 iguanas
  6 worker ants
  A howler monkey zombie (D:7)
  A howler monkey skeleton (D:5)
  3 worker ant zombies (D:7)
  11 adders
  7 gnolls
  An adder skeleton (D:10)
  A worm (D:4)
  4 dart slugs
  4 leopard geckos
  45 orcs
  4 giant cockroaches
  13 goblins
  11 hobgoblins
  18 jackals
  3 quokkas
  8 bats
  3 frilled lizards
  21 kobolds
  2 leopard gecko skeletons
  5 rats
  2 plants (D:10)
366 creatures vanquished.

Vanquished Creatures (others)
  An orc (D:8)
  A bush (D:5)
  2 plants (D:10)
4 creatures vanquished.

Grand Total: 370 creatures vanquished

Notes
Turn   | Place    | Note
-------+----------+-------------------------------------------
     0 | D:1      | Amnesiac the Halfling Fighter began the quest for the Orb.
     0 | D:1      | Reached XP level 1. HP: 15/15 MP: 1/1
   439 | D:1      | Reached skill level 1 in Dodging
   442 | D:1      | Reached XP level 2. HP: 17/20 MP: 2/2
  1114 | D:2      | Reached XP level 3. HP: 25/25 MP: 3/3
  1233 | D:2      | Found a stormy altar of Qazlal.
  1300 | D:2      | Reached XP level 4. HP: 30/30 MP: 4/4
  1986 | D:3      | Reached XP level 5. HP: 29/36 MP: 5/5
  2401 | D:3      | Found a bloodstained altar of Trog.
  2415 | D:3      | Found a sacrificial altar of Ru.
  2421 | D:3      | Found a glowing golden altar of the Shining One.
  2475 | D:3      | Reached skill level 1 in Slings
  2944 | D:4      | Reached skill level 2 in Slings
  3351 | D:4      | Reached skill level 3 in Slings
  3738 | D:5      | Entered Level 5 of the Dungeon
  3801 | D:5      | Reached XP level 6. HP: 42/42 MP: 6/6
  3904 | D:5      | Reached skill level 4 in Slings
  3910 | D:5      | Reached skill level 5 in Slings
  4045 | D:5      | Reached skill level 6 in Slings
  4089 | D:5      | Reached XP level 7. HP: 46/46 MP: 7/7
  4267 | D:5      | Found a sparkling altar of Nemelex Xobeh.
  4398 | D:5      | Reached skill level 7 in Slings
  4435 | D:5      | Reached skill level 8 in Slings
  4913 | D:6      | Reached skill level 9 in Slings
  5056 | D:6      | Noticed Menkaure
  5065 | D:6      | Killed Menkaure
  5065 | D:6      | Reached skill level 10 in Slings
  5065 | D:6      | Reached XP level 8. HP: 27/52 MP: 8/8
  5175 | D:6      | Noticed a two-headed ogre
  5516 | D:6      | Learned a level 2 spell: Passwall
  5558 | D:6      | Found a sparkling altar of Nemelex Xobeh.
  6017 | D:6      | Reached skill level 11 in Slings
  6309 | D:7      | Found a staircase to the Ecumenical Temple.
  6318 | Temple   | Entered the Ecumenical Temple
  6420 | Temple   | Became a worshipper of Warmaster Okawaru
  6554 | D:7      | Reached skill level 12 in Slings
  6643 | D:7      | Reached skill level 1 in Invocations
  6721 | D:7      | Reached XP level 9. HP: 52/57 MP: 7/9
  7780 | D:7      | Killed a two-headed ogre
  7780 | D:7      | Reached * piety under Okawaru
  7780 | D:7      | Reached skill level 5 in Armour
  7780 | D:7      | Reached skill level 5 in Shields
  7867 | D:8      | Reached skill level 5 in Dodging
  8065 | D:8      | Reached ** piety under Okawaru
  8065 | D:8      | Reached XP level 10. HP: 32/65 MP: 5/12
  8417 | D:8      | Found a deep blue altar of Sif Muna.
  8417 | D:8      | Found a stormy altar of Qazlal.
  8463 | D:8      | Reached skill level 5 in Fighting
  8465 | D:8      | Noticed Erica
  8667 | D:9      | Noticed Grum
  8777 | D:9      | Killed Grum
  9046 | D:8      | Reached *** piety under Okawaru
  9063 | D:8      | Found Daucra Nadghi's Distillery.
  9250 | D:9      | Reached skill level 5 in Invocations
  9683 | D:9      | Found a sparkling altar of Nemelex Xobeh.
  9683 | D:9      | Found an opulent altar of Gozag.
 10108 | D:10     | Entered Level 10 of the Dungeon
 10128 | D:9      | Killed Erica
 10128 | D:9      | Received a gift from Okawaru
 10675 | D:10     | Reached XP level 11. HP: 72/72 MP: 15/15
 10761 | D:10     | Reached **** piety under Okawaru
 10875 | D:10     | Received a gift from Okawaru
 11035 | D:10     | Found a staircase to the Orcish Mines.
 11116 | D:10     | Found a staircase to the Lair.
 11116 | D:10     | Noticed an oklob plant
 11493 | D:10     | Noticed Amnesiac's ghost (journeyman HaFi)
 11701 | D:11     | Noticed a brown ugly thing
 12331 | D:11     | Noticed a purple ugly thing
 12360 | D:11     | Killed a purple ugly thing
 12975 | D:10     | Killed Amnesiac's ghost
 12975 | D:10     | Reached ***** piety under Okawaru
 13018 | D:10     | Killed an unseen horror
 13135 | D:10     | Noticed a four-headed hydra
 13501 | D:10     | Killed a one-headed hydra
 13501 | D:10     | Received a gift from Okawaru
 13956 | D:10     | an oklob plant changed into a wandering mushroom
 14174 | D:12     | Received a gift from Okawaru
 14319 | D:12     | Reached XP level 12. HP: 81/81 MP: 17/17
 14332 | D:12     | Learned a level 1 spell: Confusing Touch
 14334 | D:12     | Learned a level 1 spell: Apportation
 15091 | D:12     | Noticed a five-headed hydra
 15119 | D:11     | Killed a one-headed hydra
 15349 | D:12     | Noticed a four-headed hydra
 15373 | D:12     | Killed a four-headed hydra
 16571 | D:13     | Got a transparent shortbow
 16629 | D:13     | Identified the +5 shortbow of Defiance {venom, MR+ Int+4} (You found it on level 13 of the Dungeon)
 16641 | D:13     | Found Fiem's Weapon Shoppe.
 16679 | D:13     | Found a shadowy altar of Dithmenos.
 16680 | D:13     | Noticed a two-headed ogre
 17582 | D:13     | Noticed a death drake
 17612 | D:13     | Received a gift from Okawaru
 17739 | D:13     | Killed a two-headed ogre
 17884 | D:13     | Noticed a vault guard
 17896 | D:13     | Killed a vault guard
 17973 | D:13     | Noticed a deep troll
 17987 | D:13     | a deep troll changed into a water nymph
 18479 | D:13     | Found a gate to the Vaults.
 18495 | D:13     | Identified the Almanac of Supportive Air
 18533 | D:13     | Found the +7 Kryia's mail coat {PotionHeal*2 rC+}
 18555 | D:13     | Found an iron altar of Okawaru.
 18603 | D:13     | Noticed a centaur warrior
 18609 | D:13     | Killed a centaur warrior
 18609 | D:13     | Reached XP level 13. HP: 80/89 MP: 19/19
 18743 | D:13     | Reached skill level 10 in Dodging
 18743 | D:13     | Reached skill level 10 in Shields
 18838 | D:13     | Reached skill level 10 in Armour
 18879 | D:13     | Found a shadowy altar of Dithmenos.
 18926 | D:13     | Noticed a great orb of eyes
 18932 | D:13     | Killed a great orb of eyes
 18973 | D:13     | Found Fiem's Weapon Shoppe.
 19046 | D:13     | Found an iron altar of Okawaru.
 19168 | D:13     | Found a gate to the Vaults.
 20272 | D:14     | Noticed a centaur warrior
 20283 | D:14     | Killed a centaur warrior
 20777 | D:14     | Noticed a seven-headed hydra
 20825 | D:14     | Killed a one-headed hydra
 20825 | D:14     | Received a gift from Okawaru
 20832 | D:14     | Slain by a manticore

Vault maps used:
D:1:      tarquinn_simple_flora_water_d
D:2:      nicolae_qazlal_general_emergency
D:3:      lightli_temple_of_fire, minitemple, minmay_misc_feat_hallway
D:4:      wad_lake_hut, corexii_checkpoint_a
D:5:      corexii_shack_village, first_ration, kb_lookout_dungeons_type,
          nemelex_xobeh_ov_fountains_minmay
D:6:      nemelex_spade_bored_becter, uniq_menkaure
D:7:      lemuel_temple_firewalk_a
D:8:      gammafunk_temple_overflow_elements, serial_shops,
          nicolae_shop_window_shopping, grunt_livestock, uniq_erica
D:9:      grunt_temple_overflow_opulence, corexii_checkpoint_a, uniq_grum
D:10:     dpeg_oklobed_lair, erik_orc_2
D:13:     david_vaults_5, basic_altar, serial_shops, shop,
          nicolae_lava_and_water, grunt_dithmenos_shadows
D:14:     minivault_27
Temple:   regret_index_temple_waves

Skill      XL: |  1  2  3  4  5  6  7  8  9 10 11 12 13 |
---------------+----------------------------------------+-----
Dodging        | 1 2 3 4 5 7 8 9 10 | 10.8
Short Blades   | 3 |  3.0
Fighting       | 3 4 5 7 8 9 |  9.2
Slings         | 3 6 10 12 | 12.0
Invocations    | 1 3 5 7 8 |  8.0
Armour         | 5 6 8 9 10 | 10.7
Shields        | 5 7 8 9 10 | 10.8

Action                   |  1- 3 |  4- 6 |  7- 9 | 10-12 | 13-15 || total
-------------------------+-------+-------+-------+-------+-------++-------
Melee: Rapier            |    43 |       |       |       |       ||    43
       Short sword       |    30 |   219 |    60 |    15 |       ||   324
       Dagger            |       |       |    36 |   102 |       ||   138
       Scimitar          |       |       |       |    20 |     9 ||    29
       Hunting sling     |       |       |       |     6 |       ||     6
 Fire: Blowgun           |       |     4 |    20 |   157 |       ||   181
       Hunting sling     |       |       |   310 |   921 |       ||  1231
       Shortbow          |       |       |       |    90 |   187 ||   277
Throw: Stone             |    45 |   124 |    22 |    13 |       ||   204
Invok: Heroism           |       |       |     1 |       |     2 ||     3
       Finesse           |       |       |       |       |     1 ||     1
Evoke: Wand              |       |       |       |    17 |       ||    17
  Use: Scroll            |       |     6 |    10 |     5 |     2 ||    23
       Potion            |       |     1 |     1 |     2 |       ||     4
  Eat: Chunk             |     1 |     9 |    12 |    15 |     5 ||    42
       Ration            |       |       |       |     5 |     1 ||     6
Armor: Scale mail        |    15 |    47 |    77 |    79 |    51 ||   269
       Plate armour      |       |       |       |   145 |    21 ||   166
Dodge: Dodged            |    16 |    59 |   126 |   300 |   164 ||   665
Block: Shield            |    43 |    78 |   147 |   330 |       ||   598
       Rpst.: Scimitar   |       |       |       |       |     3 ||     3

Table legend:
 A = Spawn XP
 B = Non-spawn XP
 C = Spawn XP percentage of total XP
 D = Spawn monster count
 E = Non-spawn monster count
 F = Spawn count percentage of total count
 G = Total turns spent on level
                    A         B        C        D         E        F      G
               +---------+---------+-------+---------+---------+-------+---------
         Total |       0 |   37856 |   0.0 |       0 |     364 |   0.0 | 20832
               +---------+---------+-------+---------+---------+-------+---------
           D:1 |       0 |      18 |   0.0 |       0 |      12 |   0.0 |   991
           D:2 |       0 |      79 |   0.0 |       0 |      19 |   0.0 |   718
           D:3 |       0 |      94 |   0.0 |       0 |      24 |   0.0 |  1151
           D:4 |       0 |      56 |   0.0 |       0 |      10 |   0.0 |   961
           D:5 |       0 |     498 |   0.0 |       0 |      24 |   0.0 |   903
           D:6 |       0 |     665 |   0.0 |       0 |      21 |   0.0 |  1579
           D:7 |       0 |    1701 |   0.0 |       0 |      29 |   0.0 |  1757
           D:8 |       0 |    2151 |   0.0 |       0 |      26 |   0.0 |  1160
           D:9 |       0 |    2074 |   0.0 |       0 |      16 |   0.0 |  1375
          D:10 |       0 |    5337 |   0.0 |       0 |      57 |   0.0 |  2647
          D:11 |       0 |    3245 |   0.0 |       0 |      24 |   0.0 |  1922
          D:12 |       0 |    4750 |   0.0 |       0 |      37 |   0.0 |  1744
          D:13 |       0 |    9408 |   0.0 |       0 |      36 |   0.0 |  2813
          D:14 |       0 |    7780 |   0.0 |       0 |      29 |   0.0 |   987
               +---------+---------+-------+---------+---------+-------+---------
